 Dungeon Crawl Stone Soup version 0.31-a0-1405-g2bb1a01664 (webtiles) character file.

Game seed: 10461830119090356062

38274 jasper the Brawler (level 13, -15/109 HPs)
             Began as a Demonspawn Cinder Acolyte on Dec 25, 2023.
             Was an Initiate of Ignis.
             Demolished by Urug
             ... wielding a +4 glaive of protection
              (31 damage)
             ... on level 4 of the Lair of Beasts.
             The game lasted 00:24:44 (18098 turns).

jasper the Brawler (Demonspawn Cinder Acolyte)     Turns: 18098, Time: 00:24:44

Health: -15/109    AC: 16    Str: 15    XL:     13   Next: 62%
Magic:  14/14      EV: 19    Int: 15    God:    Ignis [......]
Gold:   1085       SH: 11    Dex: 13    Spells: 14/14 levels left

rFire   + .          .
                       - Unarmed
rCold   . . .        M - +2 buckler
rNeg    + . .        h - +4 ring mail
rPois   +            (helmet unavailable)
rElec   .            L - +0 cloak
rCorr   .            O - +2 pair of gloves
SInv    +            Q - +0 pair of boots
Will    .....        N - amulet of regeneration
Stlth   +            C - +5 ring of evasion
HPRegen 1.18/turn    F - ring of Woirphyv {rPois rN+}
MPRegen 0.14/turn

%: no passive effects
@: no status effects
A: antennae 3, slimy green scales 1, foul stench 1, condensation shield
a: Renounce Religion, Rising Flame


You were on level 4 of the Lair of Beasts.
You worshipped Ignis.
Ignis was noncommittal.
You visited 4 branches of the dungeon, and saw 18 of its levels.
You also visited: Ossuary and Ice Cave.

You collected 1085 gold pieces.

Inventory:

Missiles
 c - 134 stones (quivered)
 e - 6 atropa-tipped darts
 k - a poisoned dart
 p - 22 boomerangs
Armour
 a - a +1 robe
 h - a +4 ring mail (worn)
 i - a +0 leather armour
 v - +0 acid dragon scales
 D - a +0 troll leather armour
 L - a +0 cloak (worn)
 M - a +2 buckler (worn)
 O - a +2 pair of gloves (worn)
 P - a +3 scale mail of cold resistance
 Q - a +0 pair of boots (worn)
Jewellery
 j - a ring of positive energy
 A - a +5 ring of evasion
 B - a ring of willpower
 C - a +5 ring of evasion (left hand)
 F - the ring of Woirphyv (right hand) {rPois rN+}
   (You acquired it on level 11 of the Dungeon)

   [ring of poison resistance]

   rPois:     It protects you from poison rN+: It protects you from negative
   energy.
 N - an amulet of regeneration (around neck)
 R - a ring of fire
Talismans
 y - a blade talisman
Wands
 n - a wand of mindburst (7)
 s - a wand of charming (8)
 K - a wand of flame (4)
Scrolls
 b - 4 scrolls of enchant armour
 d - a scroll of fear
 r - 6 scrolls of teleportation
 u - 2 scrolls of enchant weapon
 w - a scroll of blinking
 x - 2 scrolls of immolation
 E - 2 scrolls of poison
 H - 2 scrolls of revelation
 T - a scroll of silence
 U - 2 scrolls of identify
Potions
 f - 3 potions of brilliance
 g - 4 potions of curing
 l - 2 potions of haste
 m - a potion of lignification
 o - 3 potions of mutation {unknown}
 q - a potion of magic {unknown}
 t - 8 potions of degeneration
 z - 10 potions of enlightenment {unknown}
 G - 2 potions of ambrosia {unknown}
 I - 4 potions of might {unknown}
 J - 4 potions of attraction {unknown}


   Skills:
 + Level 12.4 Fighting
 + Level 10.7 Dodging
 - Level 4.4 Shields
 * Level 15.2 Unarmed Combat
 - Level 1.0 Spellcasting
 - Level 2.6 Fire Magic


You had 14 spell levels left.
You didn't know any spells.
Your spell library contained the following spells:

 Spells                   Type           Power      Damage    Failure   Level
 Scorch                   Fire           16%        2d5       32%         2
 Sting                    Conj/Alch      0%         1d3       54%         1
 Summon Small Mammal      Summ           0%         N/A       54%         1
 Mercury Vapours          Alch/Air       0%         N/A       67%         2
 Call Canine Familiar     Summ           0%         N/A       88%         3
 Summon Guardian Golem    Hex/Summ       0%         N/A       88%         3
 Olgreb's Toxic Radiance  Alch           0%         N/A       99%         4
 Simulacrum               Ice/Necr       0%         N/A       100%        6
 Ozocubu's Refrigeration  Ice            0%         4d7       100%        7
 Polar Vortex             Ice            0%         N/A       100%        9


Dungeon Overview and Level Annotations

Branches:
Dungeon (12/15)            Temple (1/1) D:5            Lair (4/5) D:8
 Shoals (0/4) Lair:3        Snake (1/4) Lair:2          Orc (0/2) D:11
Ossuary (visited)           IceCv (visited)
  Slime: Lair:4-5

Altars:
Ashenzari
Cheibriados
Dithmenos
Fedhas
Gozag
Hepliaklqana
Kikubaaqudgha
Makhleb
Nemelex Xobeh
Okawaru
Qazlal
Ru
Sif Muna
Trog
Uskayaw
Vehumet
Wu Jian
Xom
Yredelemnul

Annotations:
Lair:4 Urug


Innate Abilities, Weirdness & Mutations

You have a pair of large antennae on your head. (SInv)
You are partially covered in slimy green scales. (AC +2)
You may rarely emit foul miasma when damaged in melee.
A meltable shield of frost defends you. (SH +4)


Message History

Urug is severely wounded.
You barely miss Urug.
Urug is severely wounded.
You block Urug's attack.
You hit Urug.
Urug is almost dead.
Urug completely misses you.
You hit Urug.
Urug is almost dead.
Urug closely misses you.
You closely miss Urug.
Urug is almost dead.
You hit Urug.
Urug is almost dead.
You block Urug's attack.
You hit Urug but do no damage.
Urug is almost dead.
You block Urug's attack.
You completely miss Urug.
Urug is almost dead.
Urug hits you with a +4 glaive of protection!!
* * * LOW HITPOINT WARNING * * *
You take 26 damage, and have 24/109 hp.
MASSIVE DAMAGE!!
You hit Urug.
Urug is almost dead.
You hit Urug.
Urug is almost dead.
Urug hits you with a +4 glaive of protection.
* * * LOW HITPOINT WARNING * * *
You take 2 damage, and have 22/109 hp.
You barely miss Urug.
Urug is almost dead.
Urug hits you with a +4 glaive of protection!
* * * LOW HITPOINT WARNING * * *
You take 7 damage, and have 15/109 hp.
You hit Urug but do no damage.
Urug is almost dead.
Urug hits you with a +4 glaive of protection!!
You die...
Urug screams, "Revenge at last!"

...............#
##............###
#............##
#............# #...........##
##...........##
#P............# { {
##...........##
###@...........#
#Jo##........††### {
##.{P............#
###....P...........#
#........#............ { {
##.....>..............
########.....................
...........................PP
.....{†......................


You could see Urug and a jelly.

Vanquished Creatures
  A frost giant (IceCv)
  2 hydras
  A two-headed ogre (D:9)
  4 death yaks (IceCv)
  A cyclops (D:11)
  A manticore (D:6)
  8 elephants
  3 black mambas
  A water nymph (Lair:3)
  9 cane toads
  An ice statue (IceCv)
  3 rime drakes
  5 komodo dragons
  A kobold demonologist (D:9)
  3 red devils (D:8)
  A merfolk (Lair:3)
  3 trolls
  The ghost of grandjackal the Slasher, an amateur DrGl (D:5)
  12 polar bears
  4 blink frogs
  A hornet (D:9)
  Grinder (D:3)
  Sigmund (D:3)
  6 basilisks
  55 yaks
  A vampire (D:9)
  2 shadows (D:10)
  A wraith (D:10)
  3 wyverns (D:9)
  Edmund (D:6)
  3 vampire mosquitoes (D:10)
  13 water moccasins
  2 acid dragons (D:9)
  A sky beast (D:7)
  An ice beast (D:8)
  5 orc warriors
  3 black bears
  35 wolves
  3 centaurs
  A weeping skull (Ossuary)
  2 elf zombies (Ossuary)
  A scorpion (D:7)
  A gnoll sergeant (D:10)
  8 bullfrogs
  4 wights (D:7)
  A burial acolyte (Ossuary)
  6 electric eels
  A howler monkey (D:10)
  A bombardier beetle (D:5)
  A jelly (Lair:4)
  7 hounds
  5 orc priests
  3 iguanas
  10 orc wizards
  4 mummies (Ossuary)
  8 gnolls
  11 adders
  2 shadow imps
  A white imp (D:6)
  A dart slug (D:1)
  31 orcs
  9 endoplasms
  3 giant cockroaches
  3 gnoll zombies (Ossuary)
  4 goblins
  3 hobgoblins
  4 jackals (D:3)
  7 quokkas
  7 ball pythons
  6 bats
  4 frilled lizards
  4 kobolds
  A kobold zombie (Ossuary)
  2 orc zombies (Ossuary)
  3 rats
373 creatures vanquished.

Vanquished Creatures (others)
  2 yaks (IceCv)
2 creatures vanquished.

Grand Total: 375 creatures vanquished

Notes
Turn   | Place    | Note
-------+----------+-------------------------------------------
     0 | D:1      | jasper the Demonspawn Cinder Acolyte began the quest for
                  | the Orb.
     0 | D:1      | Reached XP level 1. HP: 18/18 MP: 2/2
   274 | D:1      | Gained mutation: You have a pair of small antennae on your
                  | head. [demonic ancestry]
   274 | D:1      | Reached XP level 2. HP: 19/25 MP: 3/3
   831 | D:2      | Reached XP level 3. HP: 10/30 MP: 4/4
   870 | D:2      | Found a faded altar of an unknown god.
  1340 | D:2      | Reached skill level 3 in Unarmed Combat
  1340 | D:2      | Gained mutation: You have a pair of antennae on your head.
                  | [demonic ancestry]
  1340 | D:2      | Reached XP level 4. HP: 25/38 MP: 5/5
  1724 | D:3      | Noticed Sigmund
  1735 | D:3      | Killed Sigmund
  1736 | D:3      | Reached skill level 5 in Fighting
  1736 | D:3      | Reached skill level 1 in Dodging
  1736 | D:3      | Reached skill level 4 in Unarmed Combat
  1736 | D:3      | Gained mutation: You may rarely emit foul miasma when
                  | damaged in melee. [demonic ancestry]
  1736 | D:3      | Reached XP level 5. HP: 36/44 MP: 6/6
  2046 | D:3      | Noticed Grinder
  2058 | D:3      | Killed Grinder
  2059 | D:3      | Reached XP level 6. HP: 32/51 MP: 7/7
  2215 | D:3      | Reached skill level 5 in Unarmed Combat
  2215 | D:3      | Reached XP level 7. HP: 56/56 MP: 8/8
  3496 | D:5      | Entered Level 5 of the Dungeon
  4405 | D:5      | Found a staircase to the Ecumenical Temple.
  4605 | D:5      | Found a runed translucent door.
  4607 | D:5      | Noticed grandjackal's ghost (amateur DrGl)
  4633 | D:6      | Noticed Edmund
  4645 | D:6      | Killed Edmund
  4646 | D:6      | Reached skill level 6 in Unarmed Combat
  5088 | D:6      | Gained mutation: You are partially covered in slimy green
                  | scales. (AC +2) [demonic ancestry]
  5088 | D:6      | Reached XP level 8. HP: 39/64 MP: 9/9
  5260 | D:6      | Reached skill level 1 in Shields
  5568 | D:6      | Found a blossoming altar of Fedhas.
  5636 | D:6      | Noticed a manticore
  5650 | D:6      | Killed a manticore
  5651 | D:6      | Reached skill level 7 in Unarmed Combat
  5658 | D:6      | Noticed a troll
  5687 | D:6      | HP: 2/65 [troll (12)]
  5687 | D:6      | Killed a troll
  6161 | D:7      | Found a sacrificial altar of Ru.
  6171 | D:7      | Reached XP level 9. HP: 15/72 MP: 10/10
  6225 | D:7      | HP: 3/72 [something (2)]
  7172 | D:7      | Reached skill level 5 in Dodging
  7172 | D:7      | Reached skill level 8 in Unarmed Combat
  7468 | D:8      | Noticed a troll
  7604 | D:8      | Killed a troll
  7638 | D:8      | Found a sand-covered staircase.
  7643 | Ossuary  | Entered an ossuary
  7953 | D:8      | Noticed a red devil
  7953 | D:8      | Noticed a red devil
  7959 | D:8      | Noticed a red devil
  8118 | D:9      | HP: 1/73 [orc priest/divine providence (12)]
  8189 | D:9      | Noticed a two-headed ogre
  8199 | D:9      | Killed a two-headed ogre
  8200 | D:9      | Reached skill level 9 in Unarmed Combat
  8200 | D:9      | Gained mutation: A meltable shield of frost defends you.
                  | (SH +4) [demonic ancestry]
  8200 | D:9      | Reached XP level 10. HP: 46/80 MP: 11/11
  8640 | D:9      | Found a radiant altar of Vehumet.
  8689 | D:9      | Found a hide-covered altar of Uskayaw.
  8915 | D:10     | Entered Level 10 of the Dungeon
  8931 | D:10     | Found a stormy altar of Qazlal.
  9110 | D:10     | Reached skill level 10 in Unarmed Combat
  9631 | D:10     | Found a bloodstained altar of Trog.
 10164 | D:11     | Noticed a cyclops
 10184 | D:11     | Killed a cyclops
 10185 | D:11     | Gained mutation: You have a pair of large antennae on your
                  | head. (SInv) [demonic ancestry]
 10185 | D:11     | Reached XP level 11. HP: 80/89 MP: 12/12
 10254 | D:11     | Identified a scroll of acquirement
 10254 | D:11     | Acquired the ring of Woirphyv {rPois rN+}
 10269 | D:11     | Noticed a two-headed ogre
 10394 | D:11     | Found a staircase to the Orcish Mines.
 10441 | D:11     | Found a broken altar of Ashenzari.
 10887 | D:12     | Noticed a two-headed ogre
 11024 | D:8      | Reached skill level 11 in Unarmed Combat
 11230 | D:8      | Found a basalt altar of Yredelemnul.
 11237 | D:8      | Found a staircase to the Lair.
 12371 | D:5      | Killed grandjackal's ghost
 12555 | Temple   | Entered the Ecumenical Temple
 12652 | Lair:1   | Entered Level 1 of the Lair of Beasts
 13209 | Lair:1   | Reached skill level 10 in Fighting
 13489 | Lair:1   | Reached skill level 12 in Unarmed Combat
 14181 | Lair:2   | Reached XP level 12. HP: 98/98 MP: 13/13
 14184 | Lair:2   | Found a frozen archway.
 14211 | IceCv    | Entered an ice cave
 14713 | IceCv    | Reached skill level 13 in Unarmed Combat
 14842 | IceCv    | Noticed a death yak
 14842 | IceCv    | Noticed a death yak
 14865 | IceCv    | Killed a death yak
 14873 | IceCv    | Killed a death yak
 14933 | IceCv    | Noticed a frost giant
 14964 | IceCv    | Killed a frost giant
 15208 | IceCv    | Noticed a death yak
 15228 | IceCv    | Noticed a death yak
 15243 | IceCv    | Killed a death yak
 15256 | IceCv    | Killed a death yak
 15560 | Lair:2   | Reached skill level 14 in Unarmed Combat
 15685 | Lair:2   | Found a staircase to the Snake Pit.
 15738 | Lair:2   | Reached XP level 13. HP: 107/107 MP: 14/14
 15839 | Lair:2   | Identified the +9 trident of the Bursted God {flame, rF-
                  | rCorr SInv Stlth-}
 16025 | Lair:2   | Reached skill level 10 in Dodging
 16473 | Snake:1  | Entered Level 1 of the Snake Pit
 17053 | Lair:3   | HP: 7/162 [water nymph/the raging water (9)]
 17839 | Lair:4   | Reached skill level 15 in Unarmed Combat
 18051 | Lair:4   | Noticed Urug
 18098 | Lair:4   | Demolished by Urug

Illustrated notes

Levels and vault maps discovered:
D:1:      lemuel_arrival_room, layout_rooms, serial_aquarium,
          aquarium_bridge_square [aquarium_subvault_window,
          aquarium_subvault_bridge, aquarium_subvault_balcony,
          aquarium_subvault_bridge], aquarium_window_fake, aquarium_window_2,
          aquarium_window_fake, aquarium_window_fake, aquarium_view_2a,
          aquarium_balcony_5b, aquarium_pool_side, hex_large
D:2:      layout_basic, shapermc_ecumenical_altar_mp_urbaneastern,
          chequers_avenue
D:3:      layout_loops_ring, uniq_grinder, uniq_sigmund
D:4:      minmay_chambers_of_twos, layout_basic, minmay_misc_feat_tiny,
          kennysheep_another_room
D:5:      layout_loops_ring, minmay_temple_entry_glassed_door,
          gammafunk_ghost_grave
D:6:      minmay_cornered_nines, layout_basic, lemuel_coloured_pillars_altar,
          uniq_edmund
D:7:      layout_loops_cross, chequers_temple_overflow_statue_of_worship
D:8:      layout_loops_ring, mainiacjoe_overflow_paths, erik_lair_island,
          enter_ossuary_2, einodemon_armed_red_devil_minivault
D:9:      layout_roguey, jmf_multi_god_temple
D:10:     layout_irregular_city, marbit_many_paths,
          nicolae_qazlal_general_emergency, minmay_tree_intersection
D:11:     layout_basic, orc_0_dummy, evilmike_ruin_ashenzari
D:12:     layout_irregular_city, gammafunk_ghost_hive, nicolae_zig_zag_zippers
Temple:   nicolae_temple_bog_church
Lair:1:   layout_loops_ring
Lair:2:   layout_chaotic_city, minmay_snake_entry_six_corridors,
          portal_ice_cave_entry_pillars_1, serial_bayou, serial_bayou_lagoon_b,
          serial_bayou_crossing, serial_bayou_shore_b, serial_bayou_lake_a
Lair:3:   layout_regular_city, nicolae_shoals_entry_flooding,
          lemuel_fruit_fields, infiniplex_staircase_pool_2
Lair:4:   layout_hall_layers, nicolae_slime_entry_field_trip,
          gammafunk_ghost_necromancy, chequers_serial_rivers_room_b, uniq_urug
Snake:1:  layout_cave_shapes

Skill      XL: |  1  2  3  4  5  6  7  8  9 10 11 12 13 |
---------------+----------------------------------------+-----
Fighting       | 4 5 6 7 8 9 10 11 12 | 12.4
Unarmed Combat | 3 4 5 6 7 9 10 12 14 15 | 15.2
Dodging        | 1 2 3 4 5 7 8 9 10 | 10.7
Shields        | 2 4 |  4.4
Spellcasting   | |  1.0
Fire Magic     | |  2.6

Action                     |  1- 3 |  4- 6 |  7- 9 | 10-12 | 13-15 || total
---------------------------+-------+-------+-------+-------+-------++-------
  Melee: Unarmed           |   134 |    56 |   532 |  1154 |   375 ||  2251
         Punch             |     2 |       |     5 |       |       ||     7
  Throw: Stone             |     1 |       |     1 |     2 |       ||     4
         Boomerang         |       |       |     4 |       |       ||     4
         Dart              |       |       |       |     4 |       ||     4
 Invoke: Fiery Armour      |     2 |     3 |     7 |     1 |       ||    13
  Evoke: Wand              |       |       |       |     2 |    13 ||    15
    Use: Scroll            |       |     6 |     7 |     3 |     2 ||    18
         Potion            |       |       |     1 |     3 |     3 ||     7
   Stab: Sleeping          |     1 |     2 |     1 |       |       ||     4
         Invisible         |       |       |       |     1 |       ||     1
 Armour: Robe              |    80 |    27 |     5 |       |       ||   112
         Leather armour    |       |       |   206 |       |       ||   206
         Troll leather arm |       |       |    16 |    21 |       ||    37
         Acid dragon scale |       |       |       |   125 |       ||   125
         Ring mail         |       |       |       |   139 |   223 ||   362
         Scale mail        |       |       |       |   104 |       ||   104
         Skin              |       |       |       |       |     7 ||     7
  Dodge: Dodged            |   109 |    42 |   332 |   613 |   268 ||  1364
  Block: Buckler           |       |       |    69 |   482 |   247 ||   798

Table legend: (Time is in decaauts)
 A = Elapsed time spent in this place.
 B = Non-inter-level travel time spent in this place.
 C = Inter-level travel time spent in this place.
 D = Time resting spent in this place.
 E = Time spent auto-exploring this place.
 F = Levels seen in this place.
 G = Mean time per level.
                   A        B        C        D        E       F      G
               +--------+--------+--------+--------+--------+-----+--------+
         Total |  17758 |  16733 |   1025 |   1844 |  10451 |  20 |  887.9 |
       Dungeon |  12473 |  11656 |    817 |   1459 |   7794 |  12 | 1039.4 |
        Temple |      1 |      0 |      1 |      0 |      0 |   1 |    1.0 |
          Lair |   3842 |   3637 |    205 |    124 |   2242 |   4 |  960.5 |
     Snake Pit |      1 |      1 |      0 |      0 |      0 |   1 |    1.0 |
       Ossuary |    279 |    279 |      0 |     23 |    122 |   1 |  279.0 |
      Ice Cave |   1160 |   1160 |      0 |    238 |    291 |   1 | 1160.0 |
               +--------+--------+--------+--------+--------+-----+--------+

Top non-repeatable levels by time:
     D:8: 1656 daAuts
     D:6: 1513 daAuts
     D:7: 1395 daAuts
     D:5: 1330 daAuts
  Lair:2: 1289 daAuts
  Lair:1: 1183 daAuts
    D:10: 1174 daAuts
   IceCv: 1160 daAuts
     D:4: 1045 daAuts
  Lair:3: 1036 daAuts
     D:3: 961 daAuts
     D:9: 936 daAuts
     D:2: 871 daAuts
    D:11: 844 daAuts
     D:1: 714 daAuts
